 Dungeon Crawl Stone Soup version 0.21.1-1-g345015f (webtiles) character file.

51 kae the Insei (level 3, -1/26 HPs)
             Began as a Demonspawn Transmuter on May 19, 2018.
             Slain by a worm (7 damage)
             ... on level 2 of the Dungeon.
             The game lasted 00:01:41 (1496 turns).

kae the Insei (Demonspawn Transmuter)               Turns: 1496, Time: 00:01:41

Health: -1/26      AC:  2    Str: 10    XL:     3   Next: 57%
Magic:  6/6        EV: 12    Int: 14    God:
Gold:   28         SH:  4    Dex: 14    Spells: 3/6 levels left

rFire    . . .     SeeInvis .     - Unarmed
rCold    . . .     Gourm    .   (no shield)
rNeg     . . .     Faith    .   b - +0 robe
rPois    .         Spirit   .   (no helmet)
rElec    .         Reflect  .   (no cloak)
rCorr    .         Harm     .   (no gloves)
MR       .....                  (no boots)
Stlth    +.........             (no amulet)
HPRegen  0.08/turn              (no ring)
MPRegen  0.10/turn              (no ring)

@: no status effects
A: talons 1, large bone plates 1
a: no special abilities


You were on level 2 of the Dungeon.
You were very hungry.

You visited 1 branch of the dungeon, and saw 2 of its levels.

You collected 28 gold pieces.

Inventory:

Missiles
 a - 31 arrows
Armour
 b - a +0 robe (worn)
Jewellery
 h - an uncursed ring of fire {unknown}
 j - a cursed amulet of inaccuracy {unknown}
Scrolls
 e - a scroll of remove curse
Potions
 i - a potion of flight
Books
 c - a book of Changes

   Spells                             Type                      Level
   a - Beastly Appendage              Transmutation                1
   b - Sticks to Snakes               Transmutation                2
   c - Spider Form                    Transmutation/Poison         3
   d - Ice Form                       Ice/Transmutation            4
   e - Blade Hands                    Transmutation                5
Comestibles
 d - 5 rations


   Skills:
 + Level 1.6 Fighting
 - Level 1.7 Dodging
 * Level 3.3 Unarmed Combat
 + Level 2.3 Spellcasting
 * Level 2.4 Transmutations


You had 3 spell levels left.
You knew the following spells:

 Your Spells              Type           Power        Failure   Level  Hunger
a - Beastly Appendage     Tmut           #.....       9%          1    #......
b - Sticks to Snakes      Tmut           #.......     13%         2    ###....


Dungeon Overview and Level Annotations

Branches:
Dungeon (2/15)

Altars:


Innate Abilities, Weirdness & Mutations

You have sharp toenails.
You are partially covered in large bone plates. (SH +4)


Message History

You grow a pair of large bovine horns.
The jackal barely misses you. The jackal misses you.
The jackal closely misses you. The jackal closely misses you.
An adder comes into view.
The adder moves out of view.
The jackal bites you.
* * * LOW HITPOINT WARNING * * *
Your transformation is almost over.
The jackal closely misses you. The jackal barely misses you.
You block the jackal's attack.
Your horns disappear.
The jackal bites you.
* * * LOW HITPOINT WARNING * * *
The jackal bites you.
* * * LOW HITPOINT WARNING * * *
The worm closely misses you. The jackal misses you. The worm bites you!
You die...

#.#..#.....# #..............#
#.##.#w....###.......########
#.##.................#
#.###................#
###................#
#......(....#'####.#
##.#..##........##.#
#.##.##........'..# #.
#.##....w@.(#### #.
#.##...Sh...# #..#........#
##S#............
#.#............
#.........>.....
##..##+##....... ......
#..!.... .#..### ......


You could see a worm, a jackal and a ball python.

Vanquished Creatures
  3 adders (D:2)
  An ooze (D:1)
  2 bats (D:1)
  2 goblins
  5 hobgoblins
  2 ball pythons (D:1)
  A kobold (D:1)
  5 rats (D:1)
21 creatures vanquished.

Notes
Turn   | Place    | Note
-------+----------+-------------------------------------------
     0 | D:1      | kae the Demonspawn Transmuter began the quest for the Orb.
     0 | D:1      | Reached XP level 1. HP: 15/15 MP: 3/3
   445 | D:1      | Gained mutation: You are partially covered in large bone plates. (SH +4) [demonic ancestry]
   445 | D:1      | Reached XP level 2. HP: 21/21 MP: 3/5
   466 | D:1      | Reached skill level 3 in Unarmed Combat
   950 | D:2      | Learned a level 1 spell: Beastly Appendage
   953 | D:2      | Learned a level 2 spell: Sticks to Snakes
   969 | D:2      | Mutation became permanent: You have razor-sharp toenails. [demonic ancestry]
   969 | D:2      | Gained mutation: You have claws for feet. [demonic ancestry]
   969 | D:2      | Reached XP level 3. HP: 10/26 MP: 4/6
  1496 | D:2      | Slain by a worm

Skill      XL: |  1  2 |
---------------+-------+-----
Transmutations | 2 |  2.4
Unarmed Combat | 3 |  3.3
Fighting       | |  1.6
Dodging        | |  1.7
Spellcasting   | |  2.3

Action                   || total
-------------------------++-------
Melee: Unarmed           ||    72
       Kick              ||    10
       Headbutt          ||     7
 Cast: Beastly Appendage ||    16
  Use: Scroll            ||     4
       Potion            ||     2
  Eat: Chunk             ||     1
Armor: Robe              ||    12
Dodge: Dodged            ||    73
Block: Other             ||    13
